AoeStats
← Slippery|Pete|

Arena

508134211Analyzed
1v1 RM · 12d ago on Sep 21, 2026· 49m 43s· 2 players
Game mode
Random Map
Map size
Tiny (2 player)
Population
200
Speed
Normal
Resources
Standard
Victory
Conquest
Starting age
Dark Age
Ending age
Imperial Age
RankedLock teamsTeams togetherTeam positionsShared explorationLock speedFull tech treeHidden civsTurbo modeCheats
Victory
Defeat
🇨🇦 Maya · Canada
977
+14
🇺🇸 Britons · United States
944
-14
Slippery|Pete|
11:52 Feudal Age
16:05 Castle Age
13:54 Horse Collar
14:03 Double-Bit Axe
19:15 Wheelbarrow
19:22 Bow Saw
21:13 Stone Mining
22:14 Gold Mining
25:46 Imperial Age
23:57 Gold Shaft Mining
24:00 Pikeman
25:17 Ballistics
25:18 Hand Cart
25:13 Fletching
25:23 Crossbowman
26:05 Squires
25:54 Gambesons
26:22 Forging
28:07 Bodkin Arrow
28:37 Arbalester
30:15 Conscription
31:44 Bracer
32:24 Iron Casting
31:50 Scale Mail Armor
31:50 Padded Archer Armor
32:20 Warwolf
33:59 Two-Man Saw
33:09 Halberdier
34:07 Loom
35:00 Chain Mail Armor
36:00 Leather Archer Armor
35:55 Elite Skirmisher
37:40 Chemistry
39:20 Man-at-Arms
40:50 Plate Mail Armor
41:21 Blast Furnace
40:33 Long Swordsman
41:15 Two-Handed Swordsman
42:19 Champion
SAME OLD
0:27 Loom
11:40 Feudal Age
16:53 Castle Age
16:00 Double-Bit Axe
16:19 Stone Mining
20:25 Bow Saw
24:38 Gold Mining
26:44 Wheelbarrow
30:17 Imperial Age
28:13 Scale Mail Armor
28:45 Forging
28:14 Eagle Warrior
30:33 Iron Casting
30:14 Chain Mail Armor
30:20 Squires
30:15 Horse Collar
31:18 Conscription
30:23 Pikeman
32:16 Hand Cart
32:23 Halberdier
34:37 Two-Man Saw
34:53 Holcans
34:25 Elite Eagle Warrior
36:04 Plate Mail Armor
37:03 Blast Furnace
44:22 Elite Skirmisher
46:17 Ballistics
46:57 Chemistry
46:34 Padded Archer Armor
46:25 Fletching
46:41 Hul'che Javelineers
48:34 Leather Archer Armor
48:15 Bodkin Arrow
49:47 Ring Archer Armor
50:06 Bracer
Connection lost

Rejoining the realm…

Still unreachable

The connection could not be restored.

Session expired

The server has moved on; the page needs a fresh start.